Map: Abyssal Reef LE

Players

Tiberius - Winner!

  • Race: Protoss Protoss
  • League: Platinum
  • Spawn Location: 11:00

Yata

  • Race: Zerg Zerg
  • League: Platinum
  • Spawn Location: 5:00

VOD

Have the link to the VOD?

Description

Time

  • Played on: Sept. 27, 2017, 2:11 p.m.
  • Length: 17:20
Show
View Real Time Build Order
Export as new Build Order

Tiberius Protoss - Winner!

Build Orders: 1 Gate Expand 

Get SALT Encoding   

  12  0:01  Probe (Chrono Boost)  
  13  0:11  Probe (Chrono Boost)  
  14  0:19  Pylon  
  14  0:22  Probe (Chrono Boost)  
  15  0:38  Probe (Chrono Boost)  
  15  0:40  Gateway  
  16  0:44  Assimilator  
  16  0:48  Probe (Chrono Boost)  
  17  0:59  Probe (Chrono Boost)  
  18  1:09  Probe (Chrono Boost)  
  19  1:28  Nexus  
  19  1:39  Cybernetics Core  
  19  1:43  Probe (Chrono Boost)  
  19  1:46  Assimilator  
  21  1:54  Probe (Chrono Boost)  
  21  2:04  Probe (Chrono Boost)  
  22  2:15  Probe (Chrono Boost)  
  23  2:17  Warp Gate  
  23  2:26  Pylon  
  23  2:33  Pylon  
  23  2:40  Adept (Chrono Boost), Mothership Core (Chrono Boost), Twilight Council  
  26  2:49  Probe  
  27  2:59  Probe  
  27  3:00  Probe  
  27  3:05  Adept (Chrono Boost)  
  31  3:10  Probe  
  31  3:12  Probe  
  33  3:16  Resonating Glaives (Chrono Boost)  
  33  3:20  Probe  
  33  3:24  Probe  
  35  3:27  Gateway  
  35  3:31  Probe  
  36  3:36  Probe  
  36  3:37  Sentry  
  39  3:44  Probe  
  40  3:48  Probe  
  40  3:49  Gateway  
  40  3:53  Gateway  
  40  3:54  Probe  
  34  4:19  Probe  
  34  4:21  Probe  
  36  4:27  Stalker x2  
  36  4:30  Probe  
  36  4:31  Pylon  
  40  4:33  Probe  
  42  4:54  Robotics Facility, Probe  
  42  4:55  Probe  
  42  4:57  Pylon  
  42  4:59  Adept x4  
  52  5:09  Probe x2 (Chrono Boost)  
  54  5:20  Probe x2 (Chrono Boost)  
  56  5:27  Dark Shrine  
  56  5:29  Gateway  
  56  5:32  Stalker, Probe x2 (Chrono Boost)  
  56  5:33  Pylon  
  56  5:35  Sentry x2  
  64  5:47  Probe x2 (Chrono Boost)  
  66  5:57  Adept x2  
  66  5:58  Probe x2 (Chrono Boost)  
  66  6:03  Assimilator  
  72  6:05  Assimilator  
  72  6:09  Pylon  
  70  6:13  Pylon, Sentry x2  
  74  6:22  Warp Prism  
  74  6:24  Probe x2 (Chrono Boost)  
  78  6:34  Adept x3  
  78  6:39  Sentry  
  86  6:47  Probe (Chrono Boost)  
  86  6:48  Probe (Chrono Boost)  
  88  6:54  Zealot  
  90  7:03  Observer  
  91  7:12  Nexus  
  91  7:13  Adept  
  91  7:14  Pylon  
  93  7:15  Pylon  
  93  7:35  Immortal  
  93  7:36  Dark Templar x3  
  94  7:57  Probe x2 (Chrono Boost)  
  94  8:02  Dark Templar  
  96  8:11  Probe x2 (Chrono Boost)  
  98  8:14  Immortal  
  102  8:21  Probe x2 (Chrono Boost)  
  104  8:27  Stalker x2  
  108  9:07  Nexus  
  108  9:09  Pylon  
  108  9:10  Pylon  
  108  9:12  Pylon  
  108  9:16  Pylon  
  108  9:29  Probe x2 (Chrono Boost)  
  102  9:40  Dark Templar x3  
  102  9:41  Dark Templar x2  
  102  9:44  Archon  
  102  9:45  Archon  
  112  9:48  Probe x2 (Chrono Boost)  
  112  9:52  Gateway  
  114  9:54  Gateway  
  114  9:56  Pylon  
  114  10:02  Probe x2 (Chrono Boost)  
  116  10:20  Warp Prism  
  118  10:27  Robotics Bay  
  118  10:29  Pylon  
  118  10:30  Charge  
  118  10:31  Gateway  
  118  10:33  Gateway  
  118  10:34  Probe x3 (Chrono Boost)  
  121  10:35  Adept x2  
  121  10:36  Adept x3  
  131  10:51  Probe x3 (Chrono Boost)  
  131  10:52  Assimilator  
  131  10:56  Immortal  
  131  10:57  Assimilator  
  136  11:01  Forge  
  116  11:18  Probe x3 (Chrono Boost)  
  119  11:20  Forge  
  119  11:22  Gateway  
  119  11:24  Gateway  
  119  11:28  Probe (Chrono Boost)  
  119  11:29  Probe x2 (Chrono Boost)  
  126  11:42  Protoss Ground Weapons Level 1 (Chrono Boost)  
  126  11:45  Nexus  
  126  11:47  Pylon, Colossus  
  122  11:48  Extended Thermal Lance  
  122  11:49  Pylon  
  122  11:52  Pylon  
  126  12:01  Dark Templar x2  
  126  12:02  Dark Templar x2  
  126  12:05  Archon x2  
  134  12:09  Stalker  
  134  12:10  Stalker x2  
  134  12:14  Protoss Ground Armor Level 1 (Chrono Boost)  
  140  12:23  Robotics Facility  
  140  12:25  Pylon  
  140  12:31  Sentry x2  
  140  12:32  Sentry  
  140  12:34  Dark Templar x2  
  150  12:38  Archon  
  150  12:45  Probe  
  150  12:46  Probe  
  150  12:47  Probe  
  153  12:55  Probe  
  153  12:57  Dark Templar x2  
  158  12:58  Dark Templar x2, Probe  
  158  12:59  Probe  
  158  13:01  Archon  
  158  13:02  Archon  
  164  13:19  Adept x5  
  172  13:20  Adept  
  174  13:29  Colossus  
  174  13:30  Colossus  
  186  13:41  Blink  
  186  13:44  Probe x2  
  186  13:45  Assimilator, Probe x2  
  190  13:48  Assimilator  
  190  13:59  Protoss Ground Weapons Level 2 (Chrono Boost)  
  190  14:06  Dark Templar  
  192  14:11  Dark Templar  
  182  14:31  Templar Archives  
  182  14:37  Warp Prism  
  184  14:58  Colossus  
  186  15:08  Dark Templar  
  186  15:09  Dark Templar  
  176  15:24  Colossus  
  182  15:31  Stalker x5  
  159  15:44  Stalker x4  
  159  15:49  Zealot x2  
  135  16:06  Zealot x5  
  135  16:07  Zealot x4  
  153  16:12  Pylon  
  153  16:13  Pylon  
  153  16:18  Gateway  
  153  16:19  Gateway  
  153  16:20  Colossus x2  
  153  16:21  Gateway  
  165  16:27  Zealot x6  
  175  16:50  Stalker x2  
  175  16:51  Stalker x5  
  175  16:53  Zealot x2  
  175  16:54  Zealot  
  185  17:05  Sentry  
Show
View Real Time Build Order
Export as new Build Order

Yata Zerg 

Build Orders: Hatch First, Zergling Baneling 

Get SALT Encoding   

  12  0:02  Drone  
  13  0:12  Overlord  
  13  0:17  Drone  
  14  0:31  Drone x2  
  14  0:34  Drone  
  17  0:56  Hatchery, Drone  
  17  1:05  Drone  
  17  1:10  Extractor  
  17  1:19  Drone, Spawning Pool  
  17  1:21  Drone  
  18  1:29  Drone  
  19  1:44  Overlord  
  19  1:50  Drone  
  20  2:03  Drone  
  20  2:07  Queen  
  23  2:10  Queen  
  23  2:11  Zergling x2  
  23  2:12  Zergling x2  
  23  2:13  Metabolic Boost  
  27  2:32  Drone x3  
  30  2:41  Drone x2  
  30  2:44  Overlord  
  32  2:52  Evolution Chamber  
  32  2:54  Drone, Baneling Nest  
  32  2:58  Drone  
  32  3:10  Zergling x4  
  34  3:22  Drone x2  
  34  3:24  Drone x3  
  34  3:26  Drone x2  
  41  3:28  Drone  
  41  3:29  Drone x2  
  44  3:38  Baneling x4  
  44  3:49  Overlord  
  44  3:50  Overlord  
  44  3:56  Hatchery  
  41  4:13  Zergling x2  
  41  4:14  Zergling x14  
  49  4:19  Zerg Melee Weapons Level 1  
  49  4:24  Queen  
  49  4:28  Drone  
  49  4:29  Extractor, Drone x2  
  53  4:34  Baneling x4  
  53  5:09  Drone x5  
  53  5:10  Drone x8  
  53  5:11  Overlord  
  66  5:15  Pneumatized Carapace  
  66  5:22  Lair  
  66  5:30  Queen  
  66  5:35  Extractor  
  67  5:36  Drone x2  
  67  5:37  Drone  
  67  5:39  Zergling x8  
  74  5:55  Overlord x5  
  72  6:17  Zerg Ground Armor Level 1  
  72  6:24  Hydralisk Den  
  71  6:30  Spine Crawler  
  70  6:47  Baneling x3  
  70  6:48  Baneling x2  
  70  6:54  Muscular Augments, Hydralisk x2  
  74  7:01  Zergling x2  
  74  7:02  Zergling x32  
  91  7:12  Queen  
  93  7:23  Overseer  
  92  7:37  Hydralisk  
  92  7:38  Hydralisk x5  
  90  7:52  Zergling x14  
  90  7:53  Zergling x16  
  90  7:56  Hatchery  
  102  8:02  Queen  
  102  8:04  Overlord  
  102  8:05  Overlord x4  
  104  8:22  Queen x2  
  104  8:25  Spore Crawler  
  104  8:26  Spore Crawler  
  106  8:30  Spore Crawler  
  105  8:37  Queen  
  99  8:52  Zergling x4  
  99  8:53  Zergling x26  
  107  8:58  Queen x2  
  95  9:56  Overseer x3  
  95  9:57  Overseer  
  93  10:10  Hydralisk x5  
  93  10:11  Hydralisk x13  
  93  10:14  Zergling x8  
  130  10:20  Zergling x2  
  134  10:31  Overlord  
  134  10:32  Overlord x4  
  134  10:59  Zergling x2  
  134  11:00  Zergling x26  
  142  11:10  Zergling x2  
  142  11:11  Zergling x12  
  135  11:17  Zerg Missile Weapons Level 1  
  135  11:23  Drone x5  
  135  11:25  Evolution Chamber  
  139  11:42  Zergling x2  
  139  11:43  Zergling x8, Hatchery  
  139  11:44  Overlord x2  
  139  11:45  Overlord  
  143  11:58  Zergling x2  
  143  11:59  Zergling x18  
  153  12:07  Zerg Ground Armor Level 2, Evolution Chamber  
  152  12:18  Zergling x8  
  152  12:19  Zergling x10  
  152  12:21  Queen  
  163  12:28  Infestation Pit  
  162  12:48  Zergling x30  
  177  12:58  Queen  
  177  13:04  Drone x9  
  188  13:08  Baneling x4  
  188  13:09  Baneling x5  
  163  13:22  Zergling x2  
  163  13:23  Zergling x22  
  159  13:29  Zergling x4  
  159  13:30  Zergling x10  
  159  13:32  Hydralisk x2  
  170  13:38  Overlord x3  
  170  13:41  Zergling x2  
  171  13:53  Zergling x6  
  174  13:56  Overlord x5  
  172  14:14  Zergling x2  
  172  14:15  Zergling x16  
  156  14:21  Zergling x6  
  156  14:22  Zergling x2  
  149  14:27  Zerg Missile Weapons Level 2, Zerg Melee Weapons Level 2  
  149  14:29  Hive  
  149  14:33  Extractor, Drone x3  
  149  14:36  Zergling x6  
  149  14:37  Zergling x2  
  155  14:52  Zergling x2  
  156  14:53  Zergling x12  
  156  14:59  Zergling x2  
  153  15:00  Zergling x20  
  158  15:17  Zergling x2  
  158  15:18  Zergling x18  
  158  15:21  Baneling  
  158  15:23  Baneling x7  
  158  15:25  Hydralisk  
  158  15:28  Zergling x4  
  161  15:29  Zergling x4  
  125  15:43  Hydralisk  
  125  15:44  Hydralisk x5  
  109  15:59  Zergling x2  
  109  16:00  Zergling x16  
  115  16:16  Hydralisk  
  115  16:17  Hydralisk x4  
  125  16:24  Ultralisk Cavern  
  124  16:26  Zergling x8  
  128  16:35  Zergling x2  
  128  16:36  Zergling x6  
  130  16:55  Zergling x2  
  130  16:56  Zergling x14  
Tags
 
Add a new tag
Caveats
  • Supply blocks, unpowered buildings, or Contaminate may cause inaccurate times.
  • Supply counts are checked every 10 seconds.